 Dungeon Crawl Stone Soup version 0.25-a0-283-ge7e91ba8d0 (webtiles) character file.

Game seed: 14902796041567878133, levelgen mode: deterministic

6311 D1HalberdGnoll the Covert (level 11, -3/68 HPs)
             Began as a Kobold Assassin on Dec 11, 2019.
             Was an Elder of Okawaru.
             Slain by a killer bee (6 damage)
             ... on level 9 of the Dungeon.
             The game lasted 00:21:35 (12471 turns).

D1HalberdGnoll the Covert (Kobold Assassin)        Turns: 12471, Time: 00:21:36

Health: -3/68      AC: 12    Str: 11    XL:     11   Next: 16%
Magic:  0/11       EV: 16    Int: 13    God:    Okawaru [****..]
Gold:   554        SH:  6    Dex: 17    Spells: 10/10 levels left

rFire    + . .     SeeInvis .   r - +0 dagger (venom)
rCold    + . .     Gourm    .   s - +0 buckler
rNeg     . . .     Faith    .   k - +1 ring mail
rPois    +         Spirit   +   C - +0 helmet
rElec    +         Reflect  .   a - scarf {Spirit}
rCorr    +         Harm     .   (no gloves)
MR       .....                  z - +2 pair of boots
Stlth    +++++.....             o - amulet of magic regeneration
HPRegen  0.21/turn              l - +2 ring of protection
MPRegen  0.37/turn              g - ring of poison resistance

@: lethally poisoned (-3 -> -10), resistant, hasted, very quick
A: small, carnivore
a: Heroism, Renounce Religion


You were on level 9 of the Dungeon.
You worshipped Okawaru.
Okawaru was greatly pleased with you.
You were completely stuffed.

You visited 2 branches of the dungeon, and saw 10 of its levels.

You collected 554 gold pieces.

Inventory:

Hand Weapons
 r - a +0 dagger of venom (weapon)
Missiles
 d - 40 poisoned darts
 q - 10 curare-tipped darts (quivered)
 v - 5 atropa-tipped darts
 F - 7 datura-tipped darts
Armour
 a - a scarf of spirit shield (worn)
 k - a +1 ring mail (worn)
 s - a +0 buckler (worn)
 z - a +2 pair of boots (worn)
 C - a +0 helmet (worn)
Jewellery
 g - a ring of poison resistance (right hand)
 l - a +2 ring of protection (left hand)
 o - an amulet of magic regeneration (around neck)
 u - an uncursed ring of protection from cold
Wands
 e - a wand of flame (10)
 h - a wand of disintegration (15)
 t - a wand of acid (3)
 x - a wand of polymorph (15)
Scrolls
 n - 2 scrolls of remove curse
 B - a scroll of fear
 D - a scroll of amnesia
 E - a scroll of magic mapping
Potions
 b - a potion of flight {unknown}
 c - a potion of haste
 i - a potion of agility {unknown}
 j - a potion of heal wounds {unknown}
 m - a potion of cancellation {unknown}
 p - a potion of brilliance
 w - a potion of resistance
 A - a potion of degeneration {unknown}
Comestibles
 f - 14 rations
 G - 2 chunks of flesh


   Skills:
 + Level 8.2 Fighting
 + Level 9.8 Short Blades
 - Level 2.1 Throwing
 - Level 6.9 Dodging
 * Level 14.7 Stealth
 + Level 3.4 Shields


You had 10 spell levels left.
You didn't know any spells.
Your spell library was empty.

Dungeon Overview and Level Annotations

Branches:
Dungeon (9/15)             Temple (1/1) D:4
   Lair: D:8-11         Orc: D:9-12

Altars:
Ashenzari
Cheibriados
Dithmenos
Elyvilon
Fedhas
Gozag
Hepliaklqana
Kikubaaqudgha
Makhleb
Nemelex Xobeh
Okawaru
Qazlal
Ru
Trog
Uskayaw
Vehumet
Wu Jian
Xom
Yredelemnul
Zin
The Shining One


Innate Abilities, Weirdness & Mutations

You are small and have problems with some larger weapons.
You are carnivorous and can eat meat at any time.


Message History

The killer bee stings you but does no damage.
The killer bee misses you. The killer bee barely misses you.
The killer bee stings you.
* * * LOW HITPOINT WARNING * * *
The killer bee stings you.
* * * LOW HITPOINT WARNING * * *
You block the killer bee's attack. The killer bee barely misses you.
The killer bee closely misses you. x2
You feel sick. The killer bee barely misses you.
A killer bee comes into view.
The killer bee misses you. The killer bee stings you.
* * * LOW HITPOINT WARNING * * *
* * * LOW HITPOINT WARNING * * *
You feel sick. The killer bee stings you.
* * * LOW HITPOINT WARNING * * *
The killer bee closely misses you. You block the killer bee's attack.
It was a potion of resistance.
You feel protected. The killer bee barely misses you.
The killer bee stings you!
You die...

####......... ........#
#......... .......#
#.....#### #......#
#.....# #......# #.....#
+......# #.....#
#...<..# #.....#
#......# #...÷.#
###....@.# ####.....#
......yyy###........#
#####.yy............#
#...............# +.
+Zy.............#
#...#.†...............
#...[..................
#....y####.............#
##..#. ###..#####....#


You could see 7 killer bees and a hound zombie.

Vanquished Creatures
  2 two-headed ogres (D:8)
  Joseph (D:7)
  Psyche (D:8)
  A troll (D:6)
  A hornet (D:7)
  Grinder (D:5)
  Prince Ribbit (D:5)
  A wyvern (D:8)
  Menkaure (D:5)
  Edmund (D:5)
  A sky beast (D:7)
  An orc warrior (D:6)
  An eye of draining (D:8)
  4 ogres
  2 phantoms
  3 ice beasts
  A necrophage (D:6)
  A centaur (D:5)
  2 bullfrogs
  6 scorpions
  11 killer bees
  3 howler monkeys
  2 crimson imps
  A quasit (D:9)
  A centaur skeleton (D:5)
  4 hounds
  2 orc priests
  5 orc wizards
  4 iguanas
  5 worker ants
  A worker ant zombie (D:5)
  A howler monkey zombie (D:3)
  10 adders
  4 gnolls (D:4)
  2 shadow imps (D:7)
  2 oozes
  2 adder zombies
  An adder skeleton (D:4)
  2 worms (D:2)
  A dart slug (D:3)
  7 leopard geckos
  30 orcs
  3 giant cockroaches
  9 goblins
  11 hobgoblins
  11 jackals
  5 kobolds
  5 quokkas
  A ball python (D:2)
  11 bats
  14 frilled lizards
  A jackal skeleton (D:5)
  A leopard gecko skeleton (D:7)
  A quokka skeleton (D:6)
  4 rats
211 creatures vanquished.

Notes
Turn   | Place    | Note
-------+----------+-------------------------------------------
     0 | D:1      | D1HalberdGnoll the Kobold Assassin began the quest for the
                  | Orb.
     0 | D:1      | Reached XP level 1. HP: 12/12 MP: 1/1
   466 | D:1      | Reached XP level 2. HP: 2/18 MP: 2/2
  1284 | D:1      | Reached XP level 3. HP: 13/22 MP: 3/3
  1830 | D:2      | Reached skill level 6 in Stealth
  2076 | D:2      | Reached XP level 4. HP: 19/27 MP: 4/4
  3000 | D:3      | Found an opulent altar of Gozag.
  3131 | D:3      | Reached XP level 5. HP: 23/32 MP: 5/5
  3742 | D:3      | Reached skill level 7 in Stealth
  4128 | D:4      | Reached XP level 6. HP: 32/37 MP: 6/6
  4129 | D:4      | Found a staircase to the Ecumenical Temple.
  4178 | Temple   | Entered the Ecumenical Temple
  4247 | Temple   | Became a worshipper of Warmaster Okawaru
  4279 | D:4      | Noticed an ogre
  4307 | D:4      | Killed an ogre
  4307 | D:4      | Reached skill level 8 in Stealth
  4318 | D:4      | Reached XP level 7. HP: 33/42 MP: 7/7
  4361 | D:4      | Reached * piety under Okawaru
  4518 | D:4      | Reached skill level 5 in Short Blades
  5190 | D:4      | Reached skill level 9 in Stealth
  5364 | D:4      | Reached XP level 8. HP: 19/48 MP: 8/8
  5649 | D:5      | Entered Level 5 of the Dungeon
  6067 | D:5      | Reached skill level 5 in Fighting
  6067 | D:5      | Reached skill level 5 in Dodging
  6104 | D:5      | Found a radiant altar of Vehumet.
  6105 | D:5      | Found a hide-covered altar of Uskayaw.
  6108 | D:5      | Found a white marble altar of Elyvilon.
  6108 | D:5      | Found a stormy altar of Qazlal.
  6110 | D:5      | Noticed Prince Ribbit
  6167 | D:5      | Killed Prince Ribbit
  6167 | D:5      | Reached ** piety under Okawaru
  6167 | D:5      | Reached skill level 10 in Stealth
  6365 | D:5      | Noticed Grinder
  6366 | D:5      | Noticed Edmund
  6406 | D:5      | Paralysed by Grinder for 6 turns
  6413 | D:5      | Killed Grinder
  6413 | D:5      | Reached XP level 9. HP: 13/54 MP: 4/9
  6432 | D:5      | Noticed Menkaure
  6627 | D:5      | Killed Menkaure
  6627 | D:5      | Reached skill level 11 in Stealth
  6884 | D:5      | Killed Edmund
  7940 | D:6      | Reached *** piety under Okawaru
  8686 | D:6      | Reached skill level 12 in Stealth
  8888 | D:7      | Noticed a troll
  9266 | D:6      | Killed a troll
  9416 | D:7      | Reached XP level 10. HP: 38/61 MP: 8/10
  9765 | D:7      | Paralysed by a hornet for 3 turns
  9770 | D:7      | Reached **** piety under Okawaru
  9770 | D:7      | Reached skill level 1 in Shields
  9963 | D:7      | Noticed Joseph
  9992 | D:7      | Killed Joseph
  9992 | D:7      | Received a gift from Okawaru
  9992 | D:7      | Reached skill level 13 in Stealth
 10567 | D:7      | Found a shattered altar of Ashenzari.
 11014 | D:8      | Noticed a two-headed ogre
 11044 | D:8      | Killed a two-headed ogre
 11364 | D:8      | Received a gift from Okawaru
 11364 | D:8      | Reached skill level 14 in Stealth
 11366 | D:8      | Found a glowing golden altar of the Shining One.
 11397 | D:8      | Noticed a two-headed ogre
 11414 | D:8      | Killed a two-headed ogre
 11414 | D:8      | Reached XP level 11. HP: 20/68 MP: 7/11
 12167 | D:8      | Noticed Psyche
 12169 | D:8      | Killed Psyche
 12470 | D:9      | HP: 3/68 [killer bee (3)]
 12471 | D:9      | Slain by a killer bee

Levels and vault maps discovered:
D:1:      lemuel_arrival_muddy, layout_loops_corners, minmay_fountain_box,
          minmay_hexomino_f4
D:2:      layout_basic
D:3:      layout_loops_ring, marbit_many_paths, grunt_ministairs_2
D:4:      layout_basic, minmay_temple_entry_gardened_gates, first_ration,
          kennysheep_generic_room_5
D:5:      layout_cave_pods, chequers_temple_overflow_statue_of_worship,
          uniq_menkaure, uniq_grinder, uniq_prince_ribbit1, uniq_edmund
D:6:      layout_loops_ring
D:7:      layout_gridville, lemuel_coloured_pillars_altar, serial_rivers,
          chequers_serial_rivers_small_3, chequers_serial_rivers_micro_a,
          chequers_serial_rivers_small_3, chequers_serial_rivers_micro_d,
          uniq_joseph
D:8:      layout_basic, tso_metal_star, uniq_psyche
D:9:      layout_irregular_city, minmay_orc_entry_guard_dogs, basic_altar,
          david_nohive_1
Temple:   compressed_dpeg_circular_temple

Skill      XL: |  1  2  3  4  5  6  7  8  9 10 |
---------------+-------------------------------+-----
Short Blades   | 3 4 5 6 8 9 |  9.8
Stealth        | 6 7 8 9 10 12 14 | 14.7
Dodging        | 2 3 4 5 6 |  6.9
Fighting       | 3 4 5 6 8 |  8.2
Shields        | 3 |  3.4
Throwing       | |  2.1

Action                   |  1- 3 |  4- 6 |  7- 9 | 10-12 || total
-------------------------+-------+-------+-------+-------++-------
Melee: Dagger            |   129 |   223 |   650 |   461 ||  1463
       Punch             |       |       |     3 |       ||     3
Throw: Dart              |     6 |     5 |    13 |     6 ||    30
Invok: Heroism           |       |       |    10 |     3 ||    13
Evoke: Wand              |       |       |     5 |     5 ||    10
  Use: Scroll            |       |     5 |    10 |     7 ||    22
       Potion            |       |     2 |     3 |     3 ||     8
 Stab: Sleeping          |     8 |     9 |     9 |     7 ||    33
       Distracted        |     1 |       |       |       ||     1
  Eat: Chunk             |    12 |     7 |    15 |    12 ||    46
Armor: Robe              |     8 |       |       |       ||     8
       Leather armour    |     2 |       |       |       ||     2
       Ring mail         |    14 |    65 |   149 |    82 ||   310
Dodge: Dodged            |    84 |   119 |   407 |   331 ||   941
Block: Buckler           |       |       |     7 |   115 ||   122

Table legend:
 A = Non-vault XP
 B = Vault XP
 C = Vault XP percentage of total XP
 D = Non-vault monster count
 E = Vault monster count
 F = Vault count percentage of total count
                 A         B        C        D         E       F
            +---------+---------+-------+---------+---------+-------
      Total |    7030 |    1986 |  22.0 |     194 |      17 |   8.1
            +---------+---------+-------+---------+---------+-------
        D:1 |      31 |       7 |  18.4 |      16 |       4 |  20.0
        D:2 |      64 |       0 |   0.0 |      25 |       0 |   0.0
        D:3 |     128 |      17 |  11.7 |      35 |       3 |   7.9
        D:4 |     736 |     131 |  15.1 |      25 |       3 |  10.7
        D:5 |     615 |     911 |  59.7 |      29 |       4 |  12.1
        D:6 |    1010 |       0 |   0.0 |      18 |       0 |   0.0
        D:7 |    1366 |     455 |  25.0 |      23 |       1 |   4.2
        D:8 |    2950 |     404 |  12.0 |      21 |       1 |   4.5
        D:9 |     130 |      61 |  31.9 |       2 |       1 |  33.3
            +---------+---------+-------+---------+---------+-------
